 Dungeon Crawl Stone Soup version 0.26-a0-540-g8a0c9464d7 (webtiles) character file.

Game seed: 17534796714418053005

14738 kobby the Basher (level 12, -1/110 HPs)
             Began as a Naga Fighter on Aug 23, 2020.
             Was the Champion of Cheibriados.
             Slain by a spark wasp (shapeshifter) (13 damage)
             ... on level 13 of the Dungeon.
             The game lasted 00:21:19 (9737 turns).

kobby the Basher (Naga Fighter)                     Turns: 9737, Time: 00:21:19

Health: -1/110     AC: 14    Str: 38    XL:     12   Next: 19%
Magic:  13/13      EV: 11    Int: 25    God:    Cheibriados [******]
Gold:   769        SH: 16    Dex: 27    Spells: 11/11 levels left

rFire    . . .     SeeInvis +   x - +4 whip (elec)
rCold    . . .     Faith    .   c - +1 kite shield
rNeg     . . .     Spirit   .   s - +0 plate armour
rPois    +         Reflect  .   (no helmet)
rElec    .         Harm     .   (no cloak)
rCorr    .                      (no gloves)
MR       ++...                  (no barding)
Stlth    ..........             C - amulet of regeneration
HPRegen  0.68/turn              i - ring of protection from magic
MPRegen  0.13/turn              p - +4 ring of evasion

@: about to teleport, very slow
A: large, iridescent scales 1, see invisible, clever 1, deformed body, high mp
1, poison resistance, slowness 2, spit poison 1, wild magic 1, AC +4
a: Spit Poison, Bend Time, Temporal Distortion, Slouch, Step From Time, Renounce
Religion


You were on level 13 of the Dungeon.
You worshipped Cheibriados.
Cheibriados was exalted by your worship.
You visited 1 branch of the dungeon, and saw 11 of its levels.

You collected 769 gold pieces.

Inventory:

Hand Weapons
 a - a +1 war axe
 x - a +4 whip of electrocution (weapon)
Armour
 b - a +0 scale mail
 c - a +1 kite shield (worn)
 m - a +0 chain mail
 q - a cursed +0 robe
 r - a cursed +0 ring mail
 s - a +0 plate armour (worn)
Jewellery
 e - an uncursed ring of stealth
 g - an uncursed ring of teleportation
 i - a ring of protection from magic (left hand)
 l - a cursed amulet of inaccuracy
 p - a +4 ring of evasion (right hand)
 C - an amulet of regeneration (around neck)
 H - an uncursed ring of protection from cold
 L - the ring "Coucumm" {Wiz rF- Str+3 SInv}
   (You found it on level 10 of the Dungeon)

   [ring of wizardry]

   It improves your spell success rate.
   It affects your strength (+3).
   It makes you vulnerable to fire.
   It lets you see invisible.
Wands
 j - a wand of acid (8)
 y - a wand of flame (29)
 F - a wand of iceblast (7)
 I - a wand of enslavement (18)
 J - a wand of polymorph (4)
Scrolls
 f - 2 scrolls of identify
 h - 7 scrolls of teleportation
 k - 5 scrolls of remove curse
 u - 2 scrolls of magic mapping
 D - 2 scrolls of amnesia
 E - 3 scrolls of enchant armour
Potions
 d - a potion of brilliance {unknown}
 n - 2 potions of curing
 o - 2 potions of mutation
 t - 4 potions of lignification {unknown}
 v - 6 potions of degeneration {unknown}
 w - a potion of ambrosia {unknown}
 z - a potion of heal wounds
 A - a potion of flight {unknown}
 B - 2 potions of stabbing
 G - a potion of might


   Skills:
 + Level 7.8 Fighting
 + Level 6.8(9.1) Axes
 + Level 9.2(10.1) Maces & Flails
 + Level 8.2 Armour
 + Level 1.4 Dodging
 + Level 3.2 Stealth
 + Level 9.1 Shields


You had 11 spell levels left.
You didn't know any spells.
Your spell library contained the following spells:

 Spells                   Type           Power        Failure   Level
 Beastly Appendage        Tmut           #.....       67%         1
 Magic Dart               Conj           #...         67%         1
 Blink                    Tloc           N/A          80%         2
 Call Imp                 Summ           #.......     80%         2
 Slow                     Hex            #.......     80%         2
 Wereblood                Tmut           #.......     80%         2
 Conjure Flame            Conj/Fire      #.......     95%         3
 Mephitic Cloud           Conj/Pois/Air  #.......     95%         3
 Spider Form              Tmut/Pois      #.........   95%         3
 Ice Form                 Ice/Tmut       #.......     100%        4
 Blade Hands              Tmut           #.........   100%        5


Dungeon Overview and Level Annotations

Branches:
Dungeon (10/15)            Temple (0/1) D:7            Lair (0/6) D:10
 Vaults (0/5) D:13
    Orc: D:9-12

Altars:
Ashenzari
Cheibriados
Dithmenos
Hepliaklqana
Kikubaaqudgha
Qazlal
Sif Muna
Xom
Yredelemnul
Zin


Innate Abilities, Weirdness & Mutations

You cannot wear boots.
Your serpentine skin is tough. (AC +4)
You have supernaturally acute eyesight. (SInv)
Armour fits poorly on your strangely shaped body.
Your system is resistant to poisons. (rPois)
You cover ground very slowly.
You can spit poison.
You are partially covered in iridescent scales. (AC +2)
Your mind is acute. (Int +2)
You have an increased reservoir of magic. (+10% MP)
Your spells are a little harder to cast, but a little more powerful.


Message History

The spark wasp shocks you!
* * * LOW HITPOINT WARNING * * *
The human hits you.
* * * LOW HITPOINT WARNING * * *
You hit the spark wasp but do no damage.
The spark wasp stings you but does no damage.
You block the human's attack.
As you read the scroll of teleportation, it crumbles to dust.
You feel strangely unstable. The spark wasp completely misses you.
The spark wasp closely misses you. The human misses you.
You feel much better. You block the spark wasp's attack.
You block the human's attack.
You hit the spark wasp but do no damage.
You block the spark wasp's attack.
You whack the spark wasp!
The spark wasp is lightly wounded.
The spark wasp stings you!
* * * LOW HITPOINT WARNING * * *
The spark wasp shocks you!
You die...

#..............
#............'#
..............#
......<>......##
......∩<........
................
................
.......@p.......
........y.......
..........#.....
.....##...# #### .....
#...# .#
.....##.:†#########.#..
..............#........
......###...#.#.#......
#'##. #.....#.#.....


You could see a spark wasp and a human.

Vanquished Creatures
  2 centaur warriors (D:13)
  5 two-headed ogres
  An unseen horror (D:10)
  Pikel (D:4)
  An orc knight (D:13)
  An ugly thing (D:10)
  A troll (D:9)
  4 hippogriffs
  Sigmund (D:6)
  4 yaks (D:10)
  14 humans (D:13)
  A water moccasin (D:5)
  Duvessa (D:6)
  3 porcupines (D:10)
  2 ice beasts
  2 orc warriors
  2 phantoms
  2 sky beasts
  A hornet zombie (D:10)
  2 necrophages
  A black bear (D:9)
  3 centaurs
  An ogre (D:8)
  A lemure (D:4)
  4 crocodiles (D:10)
  Blork the orc (D:6)
  A big kobold (D:10)
  8 bullfrogs
  Dowan (D:6)
  4 scorpions
  3 killer bees (D:8)
  9 wights
  5 howler monkeys
  2 centaur zombies (D:7)
  A jelly (D:7)
  3 orc wizards
  3 orc priests
  5 hounds
  A bullfrog skeleton (D:7)
  3 iguanas
  Natasha (thrice) (D:4)
  7 worker ants
  A killer bee zombie (D:9)
  A hound skeleton (D:5)
  4 gnolls (D:4)
  13 adders
  2 white imps (D:8)
  3 ufetubi
  7 worms
  2 dart slugs
  4 leopard geckos
  31 orcs
  3 giant cockroaches
  8 goblins
  8 hobgoblins
  8 jackals
  13 kobolds
  6 quokkas
  4 ball pythons
  5 bats
  7 frilled lizards
  A leopard gecko skeleton (D:5)
  A quokka skeleton (D:5)
  5 rats
  A plant (D:3)
259 creatures vanquished.

Vanquished Creatures (others)
  A leopard gecko (D:5)
  A bush (D:10)
  A fungus (D:10)
  A plant (D:10)
4 creatures vanquished.

Grand Total: 263 creatures vanquished

Notes
Turn   | Place    | Note
-------+----------+-------------------------------------------
     0 | D:1      | kobby the Naga Fighter began the quest for the Orb.
     0 | D:1      | Reached XP level 1. HP: 21/21 MP: 1/1
   171 | D:1      | Reached XP level 2. HP: 26/28 MP: 2/2
   989 | D:2      | Reached XP level 3. HP: 24/34 MP: 3/3
  1109 | D:2      | Reached XP level 4. HP: 37/42 MP: 4/4
  1493 | D:2      | Found a basalt altar of Yredelemnul.
  1494 | D:2      | Found a glowing silver altar of Zin.
  1496 | D:2      | Found a shadowy altar of Dithmenos.
  1496 | D:2      | Found a shimmering blue altar of Sif Muna.
  1498 | D:2      | Found a stormy altar of Qazlal.
  1499 | D:2      | Found an ancient bone altar of Kikubaaqudgha.
  1745 | D:3      | Reached XP level 5. HP: 29/49 MP: 5/5
  1974 | D:3      | Found a snail-covered altar of Cheibriados.
  1990 | D:3      | Became a worshipper of Cheibriados the Contemplative
  2572 | D:4      | Gained mutation: You have an increased reservoir of magic.
                  | (+10% MP) [potion of mutation]
  2572 | D:4      | Gained mutation: Your spells are a little harder to cast,
                  | but a little more powerful. [potion of mutation]
  2572 | D:4      | Gained mutation: Your mind is acute. (Int +2) [potion of
                  | mutation]
  2572 | D:4      | Gained mutation: You are partially covered in iridescent
                  | scales. (AC +2) [potion of mutation]
  2584 | D:4      | Reached XP level 6. HP: 14/57 MP: 2/6
  2588 | D:4      | Reached * piety under Cheibriados
  3154 | D:4      | Noticed Natasha
  3156 | D:4      | Killed Natasha
  3477 | D:4      | Noticed Pikel
  3957 | D:4      | Noticed Natasha
  3967 | D:4      | Killed Natasha
  4044 | D:4      | Reached skill level 5 in Axes
  4123 | D:4      | Killed Pikel
  4123 | D:4      | Reached XP level 7. HP: 64/64 MP: 7/7
  4219 | D:4      | Found a shattered altar of Ashenzari.
  4348 | D:4      | Noticed Natasha
  4350 | D:4      | Killed Natasha
  4382 | D:5      | Entered Level 5 of the Dungeon
  4389 | D:5      | Reached XP level 8. HP: 71/73 MP: 8/8
  4401 | D:5      | Reached ** piety under Cheibriados
  4479 | D:5      | Found a shimmering altar of Xom.
  4621 | D:5      | Reached skill level 1 in Maces & Flails
  5093 | D:6      | Reached skill level 1 in Stealth
  5283 | D:6      | Noticed Dowan
  5283 | D:6      | Noticed Duvessa
  5298 | D:6      | Killed Duvessa
  5298 | D:6      | Reached skill level 5 in Fighting
  5300 | D:6      | Killed Dowan
  5300 | D:6      | Reached XP level 9. HP: 74/81 MP: 9/9
  5343 | D:6      | Reached *** piety under Cheibriados
  5352 | D:6      | Reached skill level 5 in Armour
  5352 | D:6      | Reached skill level 5 in Shields
  5382 | D:6      | Noticed Sigmund
  5392 | D:6      | Killed Sigmund
  5532 | D:6      | Noticed Blork the orc
  5537 | D:6      | Killed Blork the orc
  6035 | D:7      | Reached **** piety under Cheibriados
  6137 | D:7      | Reached skill level 5 in Maces & Flails
  6380 | D:7      | Found a staircase to the Ecumenical Temple.
  6854 | D:8      | Noticed a two-headed ogre
  6858 | D:8      | Reached skill level 1 in Dodging
  6870 | D:8      | Killed a two-headed ogre
  6870 | D:8      | Reached XP level 10. HP: 40/91 MP: 11/11
  7423 | D:8      | Reached ***** piety under Cheibriados
  7610 | D:8      | Noticed a two-headed ogre
  7618 | D:8      | Killed a two-headed ogre
  8535 | D:9      | Found a hazy altar of Hepliaklqana.
  8615 | D:9      | Noticed a two-headed ogre
  8621 | D:9      | Killed a two-headed ogre
  8621 | D:9      | Reached XP level 11. HP: 83/99 MP: 12/12
  8957 | D:10     | Entered Level 10 of the Dungeon
  8957 | D:10     | Found a staircase to the Lair.
  8957 | D:10     | Noticed a two-headed ogre
  8972 | D:10     | Killed a two-headed ogre
  9327 | D:10     | Noticed a red ugly thing
  9343 | D:10     | Killed a red ugly thing
  9384 | D:10     | Reached ****** piety under Cheibriados
  9424 | D:10     | Got a pitted turquoise ring
  9425 | D:10     | Identified the ring "Coucumm" {Wiz rF- Str+3 SInv} (You
                  | found it on level 10 of the Dungeon)
  9502 | D:10     | Noticed an unseen horror
  9538 | D:10     | Killed an unseen horror
  9555 | D:10     | You fall into a shaft and drop 3 floors!
  9557 | D:13     | Noticed a two-headed ogre
  9557 | D:13     | Noticed a centaur warrior
  9569 | D:13     | Killed a two-headed ogre
  9587 | D:13     | Noticed an orc knight
  9616 | D:13     | Noticed a centaur warrior
  9639 | D:13     | Killed an orc knight
  9651 | D:13     | Killed a centaur warrior
  9651 | D:13     | Reached XP level 12. HP: 72/109 MP: 13/13
  9661 | D:13     | Killed a centaur warrior
  9711 | D:13     | Found a gate to the Vaults.
  9721 | D:13     | Noticed a spark wasp
  9737 | D:13     | Slain by a spark wasp (shapeshifter)

Illustrated notes

Levels and vault maps discovered:
D:1:      minmay_arrival_up_and_down, layout_loops_ring
D:2:      layout_rooms, grunt_temple_overflow_open
D:3:      layout_rooms, serial_bayou, serial_bayou_pond_b, serial_bayou_pond_e,
          serial_bayou_pond_c, serial_bayou_lagoon_a, cheibriados_altar_1
D:4:      minmay_spotlight, layout_loops_corners, lemuel_round_altar,
          uniq_natasha, uniq_pikel
D:5:      layout_rooms, xom_confusion_cloud
D:6:      layout_loops_ring, uniq_duvessa, uniq_blork_the_orc, uniq_sigmund
D:7:      layout_cave_pools, temple_doors_cd, serial_undead, serial_undead_b,
          serial_undead_e, serial_undead_f, serial_undead_b
D:8:      layout_basic
D:9:      layout_rooms, old_standard_altar
D:10:     layout_roguey, minmay_lair_entry_grove, basic_altar, serial_shops,
          shop
D:13:     layout_basic, david_vaults_3, fungi_pond_lemuel

Skill      XL: |  1  2  3  4  5  6  7  8  9 10 11 12 |
---------------+-------------------------------------+-----
Axes           | 3 4 6 |  6.8
Shields        | 3 4 6 7 8 9 |  9.1
Armour         | 3 4 6 7 8 |  8.2
Fighting       | 4 5 6 7 |  7.8
Maces & Flails | 2 6 7 9 |  9.2
Stealth        | 1 3 |  3.2
Dodging        | 1 |  1.4

Action                   |  1- 3 |  4- 6 |  7- 9 | 10-12 || total
-------------------------+-------+-------+-------+-------++-------
Melee: War axe           |    63 |   264 |       |       ||   327
       Whip              |       |       |   247 |   451 ||   698
Invok: Bend Time         |       |     1 |       |       ||     1
 Abil: Spit Poison       |       |     2 |       |     1 ||     3
  Use: Scroll            |       |    10 |     9 |     6 ||    25
       Potion            |       |     7 |       |     2 ||     9
Armor: Scale mail        |    28 |       |       |       ||    28
       Chain mail        |    10 |    28 |       |       ||    38
       Plate armour      |       |   124 |   106 |   151 ||   381
Dodge: Dodged            |    15 |    92 |    82 |   159 ||   348
Block: Kite shield       |    23 |   150 |   160 |   348 ||   681

Table legend: (Time is in decaauts)
 A = Elapsed time spent in this place.
 B = Non-inter-level travel time spent in this place.
 C = Inter-level travel time spent in this place.
 D = Time resting spent in this place.
 E = Time spent auto-exploring this place.
 F = Levels seen in this place.
 G = Mean time per level.
                   A        B        C        D        E       F      G
               +--------+--------+--------+--------+--------+-----+--------+
         Total |  15090 |  15090 |      0 |   1886 |   9533 |  11 | 1371.8 |
       Dungeon |  15090 |  15090 |      0 |   1886 |   9533 |  11 | 1371.8 |
               +--------+--------+--------+--------+--------+-----+--------+

Top non-repeatable levels by time:
     D:8: 2805 daAuts
     D:4: 2639 daAuts
     D:6: 1691 daAuts
     D:7: 1337 daAuts
     D:3: 1242 daAuts
     D:1: 1135 daAuts
     D:5: 1127 daAuts
     D:9: 1027 daAuts
     D:2: 1013 daAuts
    D:10: 886 daAuts
    D:13: 184 daAuts
